 Dungeon Crawl Stone Soup version 0.27.1-33-g824d729ab1 (webtiles) character file.

Game seed: 11354492447043326750

319 spaced the Covert (level 6, -8/35 HPs)
             Began as a Vampire Brigand on Dec 1, 2021.
             Killed from afar by Ijyb (9 damage)
             ... with a puff of flame
             ... on level 3 of the Dungeon on Dec 9, 2021.
             The game lasted 00:16:22 (3335 turns).

spaced the Covert (Vampire Brigand)                 Turns: 3335, Time: 00:16:22

Health: -8/35      AC:  8    Str: 10    XL:     6   Next: 21%
Magic:  6/6        EV: 12    Int: 13    God:
Gold:   110        SH:  0    Dex: 18    Spells: 5/5 levels left

rFire    . . .     SeeInvis +   i - +0 short sword (venom)
rCold    + + .     Faith    .   (no shield)
rNeg     + + +     Spirit   .   j - +3 leather armour
rPois    ∞         Reflect  .   n - +0 helmet
rElec    .         Harm     .   c - +0 cloak
rCorr    .         Rampage  .   (no gloves)
Will     .....                  (no boots)
Stlth    ++++++....             (no amulet)
HPRegen  0.00/turn              (no ring)
MPRegen  0.10/turn              (no ring)

@: bloodless, inhibited regen
A: bloodless, fangs 3, see invisible, vampiric 2
a: Bat Form, Revivify


You were on level 3 of the Dungeon.
You visited 1 branch of the dungeon, and saw 4 of its levels.

You collected 110 gold pieces.

Inventory:

Hand Weapons
 a - a +2 dagger
 i - a +0 short sword of venom (weapon)
 p - a +1 scythe of protection
Missiles
 d - 40 poisoned darts (quivered)
Armour
 b - a +0 robe
 c - a +0 cloak (worn)
 j - a +3 leather armour (worn)
 n - a +0 helmet (worn)
 q - a +2 robe
Jewellery
 l - a ring of see invisible
Scrolls
 h - a scroll of teleportation {unknown}
 k - a scroll of vulnerability {unknown}
 m - a scroll of fear {unknown}
 o - a scroll of identify {unknown}
 r - a scroll of blinking {unknown}
Potions
 f - a potion of invisibility {unknown}
 g - a potion of brilliance {unknown}


   Skills:
 + Level 2.2 Fighting
 + Level 3.3 Short Blades
 + Level 2.7 Throwing
 + Level 1.5 Armour
 * Level 2.0 Dodging
 * Level 8.5 Stealth


You had 5 spell levels left.
You didn't know any spells.
Your spell library contained the following spells:

 Spells                   Type           Power      Damage    Failure   Level
 Gell's Gravitas          Tloc           0%         N/A       77%         3
 Lesser Beckoning         Tloc           0%         N/A       77%         3
 Teleport Other           Tloc           0%         N/A       77%         3


Dungeon Overview and Level Annotations

Branches:
Dungeon (4/15)
 Temple: D:4-7

Altars:
Uskayaw
The Shining One

Shops:
D:2 =

Annotations:
D:3 Ijyb


Innate Abilities, Weirdness & Mutations

You do not regenerate when monsters are visible.
You are frail without blood (-20% HP).
You can heal yourself when you bite living creatures.
You are immune to poison.
You have razor-sharp teeth.
You have supernaturally acute eyesight. (SInv)
You are afflicted with vampirism and can become a bat while bloodless.


Message History

Throw: dart (curare)
Press: ? - help, Q - select action, (/) - cycle Shift-Dir - straight line, f/p - Ijyb
Aim: Ijyb, wielding a +0 dagger, wearing a +0 leather armour and carrying a wand of flame (11) (56% to hit)
You throw a curare-tipped dart.
The curare-tipped dart barely misses Ijyb.
Throw: 41 darts (poison)
Press: ? - help, Q - select action Shift-Dir - straight line, f/p - Ijyb
Aim: Ijyb, wielding a +0 dagger, wearing a +0 leather armour and carrying a wand of flame (11) (56% to hit)
You throw a poisoned dart. The poisoned dart hits Ijyb.
You closely miss Ijyb.
Ijyb zaps a wand.
The puff of flame hits you.
You barely miss Ijyb. Your bite misses Ijyb. Ijyb barely misses you.
You hit Ijyb but do no damage.
Ijyb is poisoned.
Ijyb misses you.
You hit Ijyb but do no damage.
Ijyb looks even sicker.
Your bite misses Ijyb.
Ijyb is lightly wounded.
Ijyb hits you but does no damage.
You barely miss Ijyb. Your bite misses Ijyb.
Ijyb is lightly wounded.
Ijyb hits you but does no damage.
You hit Ijyb.
Ijyb looks as sick as possible!
Ijyb is moderately wounded.
Ijyb zaps a wand.
The puff of flame hits you!
You hit Ijyb.
Ijyb is heavily wounded.
You hit Ijyb but do no damage.
Ijyb looks as sick as possible!
Ijyb is severely wounded.
Ijyb zaps a wand.
The puff of flame hits you!
* * * LOW HITPOINT WARNING * * *
You closely miss Ijyb. You bite Ijyb, but do no damage.
Ijyb is severely wounded.
Ijyb misses you.
You barely miss Ijyb.
Ijyb is almost dead.
Ijyb drinks a potion.
Ijyb is healed!
Ijyb zaps a wand.
The puff of flame misses you.
Ijyb zaps a wand.
The puff of flame hits you!
* * * LOW HITPOINT WARNING * * *
There is an open door here.
Ijyb drinks a potion.
Ijyb is healed!
Ijyb zaps a wand.
The puff of flame hits you!
You die...

......÷....###
.............###
..##....≈≈...≈≈###
######≈≈≈≈...≈≈≈≈##
##≈≈≈≈≈≈##'''##≈≈≈#
#≈≈≈≈≈≈≈#.....#≈≈≈#
≈≈≈....)#.....#...#
≈≈......#.....#.).#
≈≈..##'##.†)).##@##
≈≈..#...#.....#...#
≈≈..#...#.....#...#
≈≈..#...#.....#...#
≈≈.)##†##.....##'##
≈≈...#.........g..#
≈≈...#............#
≈≈...##########...#
≈≈#####....r..#...#


You could see Ijyb (very poisoned).

Vanquished Creatures
  Sigmund (D:3)
  An orc priest (D:3)
  6 adders
  2 worms (D:2)
  4 orcs (D:3)
  7 ball pythons
  5 bats
  8 endoplasms
  13 goblins
  2 hobgoblins (D:1)
  5 jackals (D:3)
  A quokka (D:1)
  A frilled lizard (D:1)
  5 kobolds
  3 rats
64 creatures vanquished.

Vanquished Creatures (others)
  A plant (D:1)
1 creature vanquished.

Grand Total: 65 creatures vanquished

Notes
Turn   | Place    | Note
-------+----------+-------------------------------------------
     0 | D:1      | spaced the Vampire Brigand began the quest for the Orb.
     0 | D:1      | Reached XP level 1. HP: 16/16 MP: 1/1
   143 | D:1      | Reached skill level 6 in Stealth
   450 | D:1      | Reached XP level 2. HP: 17/17 MP: 2/2
  1277 | D:2      | Gained mutation: You are afflicted with vampirism and can
                  | become a bat while bloodless. [Vampire growth]
  1277 | D:2      | Reached XP level 3. HP: 21/21 MP: 3/3
  1284 | D:2      | Found Jodah's Jewellery Boutique.
  1408 | D:2      | Reached skill level 7 in Stealth
  1952 | D:2      | Reached XP level 4. HP: 26/26 MP: 4/4
  2309 | D:3      | HP: 1/26 [orc (5)]
  2769 | D:3      | Noticed Sigmund
  2771 | D:3      | Found a hide-covered altar of Uskayaw.
  2782 | D:3      | Killed Sigmund
  2783 | D:3      | Reached skill level 1 in Armour
  2783 | D:3      | Reached skill level 8 in Stealth
  2783 | D:3      | Reached XP level 5. HP: 30/30 MP: 5/5
  2783 | D:3      | Reached XP level 6. HP: 35/35 MP: 6/6
  3131 | D:3      | Found a faded altar of an unknown god.
  3309 | D:3      | Noticed Ijyb
  3329 | D:3      | HP: 1/35 [Ijyb/puff of flame (9)]
  3335 | D:3      | Killed from afar by Ijyb

Illustrated notes

Levels and vault maps discovered:
D:1:      tarquinn_simple_flora_water_a, layout_basic, serial_bayou,
          serial_bayou_lake_a, serial_bayou_pond_d, serial_bayou_shore_b,
          serial_bayou_lagoon_a, serial_bayou_crossing,
          chequers_serial_rivers_room_b, roderic_serpentine_path
D:2:      layout_loops_ring, serial_shops, shop_statue
D:3:      kennysheep_goblin_castle, layout_rooms, tso_altar, lemuel_tele_altar,
          basic_ecumenical_altar, kennysheep_donut, glass_columns_b,
          feat_on_display, uniq_sigmund
D:4:      layout_loops_ring, nicolae_dithmenos_shadow_blocks,
          minmay_temple_entry_wispy, minmay_misc_feat_tiny,
          minmay_fractal_squares_diagonal_5, uniq_ijyb

Skill      XL: |  1  2  3  4 |
---------------+-------------+-----
Stealth        | 6 7 8 |  8.5
Fighting       | 2 |  2.2
Throwing       | 2 |  2.7
Short Blades   | 3 |  3.3
Armour         | 1 |  1.5
Dodging        | 2 |  2.0

Action                   |  1- 3 |  4- 6 || total
-------------------------+-------+-------++-------
Melee: Dagger            |    45 |       ||    45
       Bite              |     5 |     7 ||    12
       Short sword       |    35 |    67 ||   102
Throw: Dart              |    23 |    17 ||    40
 Abil: Exsanguinate      |     1 |       ||     1
       End Transformatio |       |     1 ||     1
       Bat Form          |       |     1 ||     1
 Stab: Sleeping          |    17 |    12 ||    29
Armor: Robe              |    10 |       ||    10
       Leather armour    |     6 |    26 ||    32
Dodge: Dodged            |    18 |    48 ||    66
